[Event "Titled Tuesday Blitz August 1 Early 2023"]
[White "Weishaeutel, Moritz"]
[Black "Kirillov, Dmitry"]
[WhiteFideId "12967300"]
[BlackFideId "34180572"]
[WhiteElo "2644"]
[BlackElo "2443"]
[Result "1-0"]
[Round "4"]
[TimeControl "180+1"]
[Date "2023.08.01"]
[WhiteClock "0:00:08"]
[BlackClock "0:00:00"]
[Board "100"]

1. e4 e5 2. d4 exd4 3. Qxd4 Nc6 4. Qe3 Nf6 5. e5 Nd5 6. Qe4 Nb6 7. Nf3 Bb4+ 8. c3 Be7 9. Bf4 O-O 10. Bd3 g6 11. O-O d5 12. Qe3 Re8 13. Nbd2 Be6 14. Ng5 Nd7 15. Nxe6 fxe6 16. Qh3 Nc5 17. Bc2 Bg5 18. Bxg5 Qxg5 19. f4 Qe7 20. Nf3 a5 21. Ng5 Qg7 22. b3 h6 23. Nf3 Rf8 24. Nh4 Ne4 25. Bxe4 dxe4 26. Qxe6+ Kh7 27. f5 gxf5 28. Nxf5 Qg5 29. Rae1 Rae8 30. Qd7+ Kh8 31. h4 1-0


[Site "https://www.chess.com"]

[Event "Titled Tuesday Blitz August 1 Early 2023"]
[White "Manukian, Artak"]
[Black "Vantika Agrawal"]
[WhiteFideId "13301373"]
[BlackFideId "25050389"]
[WhiteElo "2440"]
[BlackElo "2640"]
[Result "0-1"]
[Round "4"]
[TimeControl "180+1"]
[Date "2023.08.01"]
[WhiteClock "0:01:13"]
[BlackClock "0:00:18"]
[Board "101"]

1. e4 c6 2. d4 d5 3. e5 Bf5 4. c4 e6 5. Nc3 Ne7 6. Nf3 Bg4 7. h3 Bxf3 8. Qxf3 Nf5 9. Be3 h5 10. O-O-O dxc4 11. Bxc4 Nd7 12. Bd3 g6 13. g4 Nxe3 14. fxe3 Bb4 15. Rhf1 Rf8 16. Ne4 hxg4 17. Qxg4 Qa5 18. a3 Be7 19. Ng5 Bxg5 20. Qxg5 Qd8 21. Qh6 Qe7 22. Qg7 O-O-O 23. Bxg6 Qg5 24. Rxf7 Qxe3+ 25. Kb1 Rg8 26. Qh7 Rh8 27. Qg7 Rdg8 28. Rxd7 Rxg7 29. Rxg7 Qh6 30. Rf7 Qxg6+ 0-1


[Site "https://www.chess.com"]

[Event "Titled Tuesday Blitz August 1 Early 2023"]
[White "Manukyan, Sargis A."]
[Black "Stachanczyk, Jacek"]
[WhiteFideId "13303970"]
[BlackFideId "1116657"]
[WhiteElo "2636"]
[BlackElo "2439"]
[Result "1-0"]
[Round "4"]
[TimeControl "180+1"]
[Date "2023.08.01"]
[WhiteClock "0:01:41"]
[BlackClock "0:00:23"]
[Board "102"]

1. d4 Nf6 2. c4 g6 3. Nc3 Bg7 4. Nf3 d6 5. h3 O-O 6. Bf4 c6 7. e3 a6 8. a4 a5 9. Be2 Na6 10. O-O Nb4 11. e4 Re8 12. e5 dxe5 13. Bxe5 Bf5 14. Qd2 Ne4 15. Nxe4 Bxe4 16. Bxg7 Kxg7 17. Qc3 Kg8 18. Ng5 Bf5 19. Rad1 e5 20. h4 exd4 21. Rxd4 Qe7 22. Bf3 h6 23. Ne4 Rad8 24. Rxd8 Rxd8 25. Nf6+ Kf8 26. Nd5 1-0


[Site "https://www.chess.com"]

[Event "Titled Tuesday Blitz August 1 Early 2023"]
[White "Malek, Jan"]
[Black "Davidson, Kevin"]
[WhiteFideId "21864080"]
[BlackFideId "2056810"]
[WhiteElo "2634"]
[BlackElo "2431"]
[Result "1-0"]
[Round "4"]
[TimeControl "180+1"]
[Date "2023.08.01"]
[WhiteClock "0:00:38"]
[BlackClock "0:00:00"]
[Board "103"]

1. b3 g6 2. Bb2 Nf6 3. h4 Bg7 4. Nh3 d6 5. d4 O-O 6. Nd2 c5 7. dxc5 dxc5 8. Nf4 Nc6 9. e3 Bg4 10. Be2 Bxe2 11. Qxe2 Nb4 12. O-O e6 13. a3 Nbd5 14. Nxd5 Nxd5 15. Bxg7 Kxg7 16. Nf3 Nc3 17. Qc4 Qf6 18. Qxc5 Rfc8 19. Qd6 Ne2+ 20. Kh1 Rxc2 21. Rad1 Rac8 22. Qh2 R8c5 23. Rd7 h6 24. Rfd1 Nc3 25. Rf1 Ne4 26. Kg1 Rb2 27. Nd4 e5 28. Nf3 Rxb3 29. Qh3 a5 30. h5 g5 31. Nh2 Qc6 32. Qf5 Rc1 33. Qxf7+ 1-0


[Site "https://www.chess.com"]

[Event "Titled Tuesday Blitz August 1 Early 2023"]
[White "Przybylski, Wojciech"]
[Black "Harriott, Tyrell"]
[WhiteFideId "1117599"]
[BlackFideId "2086484"]
[WhiteElo "2631"]
[BlackElo "2428"]
[Result "1-0"]
[Round "4"]
[TimeControl "180+1"]
[Date "2023.08.01"]
[WhiteClock "0:00:14"]
[BlackClock "0:00:00"]
[Board "104"]

1. d4 e6 2. e4 d5 3. Nc3 f5 4. exd5 exd5 5. Nf3 Nf6 6. Bf4 Be7 7. Bd3 O-O 8. O-O c6 9. h3 Ne4 10. Ne2 Qb6 11. Rb1 Nd7 12. c3 g5 13. Bh2 Qd8 14. Ne5 Nxe5 15. Bxe5 Bd6 16. f3 Nf6 17. Qc2 Nh5 18. f4 Bxe5 19. fxe5 Ng7 20. Ng3 g4 21. hxg4 Qh4 22. Nxf5 Bxf5 23. gxf5 Nh5 24. Rf3 Ng3 25. Rxg3+ Qxg3 26. Rf1 Kh8 27. Rf3 Qg5 28. f6 Rae8 29. Bxh7 Rf7 30. Bg6 Ref8 31. Bxf7 Rxf7 32. Qf5 Qc1+ 33. Kh2 Rh7+ 34. Rh3 Rxh3+ 35. Qxh3+ Kg8 36. Qg3+ Kf7 37. Qg7+ Ke6 38. Qg4+ Kf7 39. Qd7+ Kg6 40. Qe8+ Kf5 41. Qh5+ Ke6 42. Qh4 Qxb2 43. Qh3+ Kf7 44. Qh5+ Ke6 45. Qe8+ Kf5 46. f7 Ke4 47. f8=Q Kd3 48. Qg6+ Kxc3 49. Qc5+ Kd2 50. Qg5+ Kd1 51. Qg4+ Ke1 52. Qg3+ Kd1 53. Qf3+ Ke1 54. Qcc3+ Qxc3 55. Qxc3+ Kf2 56. Qf3+ Ke1 57. Qd3 b6 58. Kg3 c5 59. Kf3 1-0


[Site "https://www.chess.com"]

[Event "Titled Tuesday Blitz August 1 Early 2023"]
[White "Sipila, Vilka"]
[Black "Bogaudinov, Rushan"]
[WhiteFideId "505455"]
[BlackFideId "4129288"]
[WhiteElo "2628"]
[BlackElo "2427"]
[Result "1/2-1/2"]
[Round "4"]
[TimeControl "180+1"]
[Date "2023.08.01"]
[WhiteClock "0:00:14"]
[BlackClock "0:00:09"]
[Board "105"]

1. e4 c5 2. Nf3 e6 3. d4 cxd4 4. Nxd4 Nc6 5. Bf4 Nxd4 6. Qxd4 Qb6 7. Qxb6 axb6 8. Nd2 Nf6 9. Nc4 Bc5 10. f3 d5 11. exd5 Nxd5 12. Bg3 O-O 13. a3 b5 14. Nd6 b4 15. a4 Rd8 16. Nxc8 Raxc8 17. Bd3 Bd4 18. Rb1 Ne3 19. Ke2 Nxg2 20. c3 bxc3 21. bxc3 Rxc3 22. Rxb7 Ra3 23. Rd1 g5 24. Bc7 Nf4+ 25. Kf1 Rc8 26. Bxf4 gxf4 27. Bxh7+ Kxh7 28. Rxd4 Kg6 29. Rxf4 f5 30. Rb1 Rc2 31. h4 Kf6 32. Kg1 Ke5 33. Rfb4 Rxf3 34. Re1+ Kf6 35. Rb6 Rg3+ 36. Kf1 Rf3+ 37. Kg1 Rg3+ 38. Kf1 Rf3+ 39. Kg1 1/2-1/2


[Site "https://www.chess.com"]

[Event "Titled Tuesday Blitz August 1 Early 2023"]
[White "Omorjan, Dejan"]
[Black "EsmeraldasAnderson03"]
[WhiteFideId "955345"]
[WhiteElo "2627"]
[BlackElo "2426"]
[Result "0-1"]
[Round "4"]
[TimeControl "180+1"]
[Date "2023.08.01"]
[WhiteClock "0:00:02"]
[BlackClock "0:00:12"]
[Board "106"]

1. d4 d5 2. Nf3 Nf6 3. e3 Bf5 4. c4 e6 5. Nc3 c6 6. Nh4 Bg4 7. Qb3 Qb6 8. h3 Bh5 9. g4 Bg6 10. Nxg6 hxg6 11. Bg2 Nbd7 12. Bd2 dxc4 13. Qxc4 Be7 14. Qb3 Qxb3 15. axb3 a6 16. Ke2 Nd5 17. e4 Nb4 18. Rhc1 e5 19. dxe5 Nc5 20. Na2 Nxa2 21. Rxa2 Nxb3 22. Rd1 Nxd2 23. Rxd2 Bg5 24. Rd3 Rd8 25. Rb3 Rd7 26. Ra1 Ke7 27. Rf1 Bf4 28. e6 Kxe6 29. Rd1 Rhd8 30. Rbd3 b5 31. Rxd7 Rxd7 32. Rxd7 Kxd7 33. Kd3 c5 34. Bf3 Be5 35. b3 Bd4 36. Be2 Bxf2 37. e5 Bd4 38. Ke4 Ke6 39. Bd3 Bxe5 40. Be2 f5+ 41. gxf5+ gxf5+ 42. Kf3 g5 43. Bd3 Bd4 44. Bc2 Ke5 45. Bd3 Bb2 46. Bb1 c4 47. bxc4 bxc4 48. Bc2 a5 49. Ke3 Bd4+ 50. Kf3 Bc5 51. Ba4 f4 52. Bc2 Kd4 53. Bf5 a4 54. Bc2 a3 55. Bb1 c3 56. Bc2 a2 0-1


[Site "https://www.chess.com"]

[Event "Titled Tuesday Blitz August 1 Early 2023"]
[White "Nasir, Zehn"]
[Black "Stork, Oliver"]
[WhiteFideId "2613239"]
[BlackFideId "12955728"]
[WhiteElo "2626"]
[BlackElo "2398"]
[Result "1/2-1/2"]
[Round "4"]
[TimeControl "180+1"]
[Date "2023.08.01"]
[WhiteClock "0:00:11"]
[BlackClock "0:00:06"]
[Board "107"]

1. d4 d5 2. Bf4 c5 3. e3 Nc6 4. c3 Nf6 5. Nd2 Bf5 6. Qb3 Qd7 7. Ngf3 c4 8. Qd1 e6 9. Ne5 Nxe5 10. dxe5 Ne4 11. Nxe4 Bxe4 12. f3 Bg6 13. Be2 Bc5 14. O-O O-O 15. Bxc4 Qc6 16. Bd3 Qb6 17. Qd2 Bxd3 18. Qxd3 f6 19. b4 Be7 20. Qd4 Rac8 21. Qxb6 axb6 22. Rfc1 Rc4 23. a4 Rfc8 24. a5 bxa5 25. bxa5 Rxc3 26. Rxc3 Rxc3 27. Rb1 Bc5 28. Rxb7 fxe5 29. Bg3 Rxe3 30. Kf1 e4 31. a6 exf3 32. a7 fxg2+ 33. Kxg2 Bxa7 34. Rxa7 Re4 35. Kf3 h6 36. h3 Kh7 37. Re7 Kg6 38. Bd6 Kf6 39. Re8 g5 40. Bf8 h5 41. Ra8 g4+ 42. hxg4 hxg4+ 43. Kg3 Kf5 44. Ra6 Re3+ 45. Kf2 Rd3 46. Bg7 e5 47. Ra5 e4 48. Ke2 Kf4 49. Bh6+ Kg3 50. Ra8 Kh3 51. Rh8 g3 52. Be3+ Kg4 53. Rg8+ Kh3 54. Bf4 Rf3 55. Be5 g2 56. Rh8+ Kg4 57. Rg8+ Kf5 58. Bh2 d4 59. Rxg2 d3+ 60. Kd2 Rh3 61. Bg1 Kf4 62. Rf2+ Rf3 63. Rh2 Rg3 64. Bf2 Rf3 65. Be1 Rf1 66. Rh8 e3+ 67. Kxd3 Rxe1 68. Rf8+ Kg3 69. Rg8+ Kf2 70. Rf8+ Kg2 71. Rg8+ Kf2 72. Rf8+ Kg2 73. Rg8+ Kf2 1/2-1/2


[Site "https://www.chess.com"]

[Event "Titled Tuesday Blitz August 1 Early 2023"]
[White "Begunov, Konstantin"]
[Black "Radzhabov, Rodion"]
[WhiteFideId "4118510"]
[BlackFideId "884715"]
[WhiteElo "2398"]
[BlackElo "2625"]
[Result "0-1"]
[Round "4"]
[TimeControl "180+1"]
[Date "2023.08.01"]
[WhiteClock "0:00:00"]
[BlackClock "0:01:04"]
[Board "108"]

1. d4 Nf6 2. c4 e6 3. Nf3 Bb4+ 4. Nbd2 b6 5. a3 Bxd2+ 6. Bxd2 Bb7 7. Bg5 d6 8. e3 Nbd7 9. Qc2 h6 10. Bh4 c5 11. dxc5 bxc5 12. Be2 Qb6 13. O-O O-O 14. Rfd1 Be4 15. Qc3 Rab8 16. b4 cxb4 17. axb4 d5 18. c5 Qxb4 19. Qxb4 Rxb4 20. c6 Bxf3 21. gxf3 Rxh4 22. cxd7 Nxd7 23. Rxa7 Nf6 24. f4 g5 25. fxg5 hxg5 26. Kg2 Kg7 27. Rd4 Rxd4 28. exd4 Rb8 29. Ra4 Rb2 30. Bf3 g4 31. Bd1 Rd2 32. Ra1 Rxd4 33. Kg3 Kg6 34. Rc1 Kg5 35. h3 Ne4+ 36. Kg2 gxh3+ 37. Kf3 h2 38. Bc2 Nxf2 39. Kxf2 Rd2+ 40. Kg3 Rxc2 0-1


[Site "https://www.chess.com"]

[Event "Titled Tuesday Blitz August 1 Early 2023"]
[White "Mamedov, Edgar"]
[Black "Silva, Pedro Gil Ferreira Da"]
[WhiteFideId "13739980"]
[BlackFideId "1946102"]
[WhiteElo "2624"]
[BlackElo "2391"]
[Result "1-0"]
[Round "4"]
[TimeControl "180+1"]
[Date "2023.08.01"]
[WhiteClock "0:00:21"]
[BlackClock "0:01:26"]
[Board "109"]

1. d4 Nf6 2. Bg5 e6 3. e4 d6 4. Nd2 Nbd7 5. Ngf3 Be7 6. Bd3 h6 7. Bh4 b6 8. e5 dxe5 9. dxe5 Nd5 10. Bxe7 Qxe7 11. Be4 Nc5 12. Bxd5 exd5 13. O-O O-O 14. Nb3 Nxb3 15. axb3 Be6 16. c3 c5 17. Qd2 Rfd8 18. b4 Bg4 19. bxc5 Bxf3 20. gxf3 bxc5 21. f4 d4 22. cxd4 cxd4 23. Ra3 Rab8 24. Rd3 Rb6 25. Rxd4 Rdb8 26. Rd1 Rg6+ 27. Kf1 Qh4 28. Rd8+ Kh7 29. Rxb8 Qh3+ 30. Ke2 Qg4+ 31. f3 Qf5 32. Qd8 Rg2+ 33. Ke3 Qc2 34. Qd3+ 1-0


[Site "https://www.chess.com"]

[Event "Titled Tuesday Blitz August 1 Early 2023"]
[White "Ovetchkin, Roman"]
[Black "Buscar, Michael"]
[WhiteFideId "4119991"]
[BlackFideId "2603616"]
[WhiteElo "2624"]
[BlackElo "2388"]
[Result "1-0"]
[Round "4"]
[TimeControl "180+1"]
[Date "2023.08.01"]
[WhiteClock "0:00:12"]
[BlackClock "0:00:11"]
[Board "110"]

1. d4 d5 2. c4 e6 3. Nf3 c5 4. cxd5 exd5 5. g3 Nc6 6. Bg2 Nf6 7. O-O Be7 8. dxc5 Bxc5 9. Qc2 Be7 10. Rd1 O-O 11. Nc3 Be6 12. Ng5 Rc8 13. Nxd5 Bxd5 14. Rxd5 Nb4 15. Rxd8 Nxc2 16. Rxf8+ Kxf8 17. Rb1 h6 18. Nf3 Bc5 19. e3 Rd8 20. Bd2 Ne4 21. Be1 Nxe1 22. Rxe1 b6 23. Rc1 a5 24. Kf1 Nd2+ 25. Ke2 Nxf3 26. Bxf3 Ke7 27. h4 Rd6 28. h5 Bb4 29. Rc2 Kf6 30. a3 Bc5 31. Rc4 Re6 32. Bd5 Re5 33. Bf3 Ke7 34. g4 Bd6 35. Be4 Rb5 36. Rc2 Be5 37. f4 Bxb2 38. Bd3 Rb3 39. Rc7+ Kf8 40. a4 Ba3 41. Rxf7+ Kxf7 42. Bc4+ Kf6 43. Bxb3 Bc5 44. e4 Bd6 45. e5+ Bxe5 46. fxe5+ Kxe5 47. Ke3 Kd6 48. Kd4 1-0


[Site "https://www.chess.com"]

[Event "Titled Tuesday Blitz August 1 Early 2023"]
[White "Pham, Le Thao Nguyen"]
[Black "Li, Eric"]
[WhiteFideId "12401226"]
[BlackFideId "30939941"]
[WhiteElo "2621"]
[BlackElo "2380"]
[Result "0-1"]
[Round "4"]
[TimeControl "180+1"]
[Date "2023.08.01"]
[WhiteClock "0:00:02"]
[BlackClock "0:00:49"]
[Board "111"]

1. d4 d5 2. c4 dxc4 3. e4 b5 4. a4 c6 5. axb5 cxb5 6. b3 e5 7. d5 Nf6 8. bxc4 Nxe4 9. cxb5 Bb4+ 10. Bd2 Nxd2 11. Nxd2 Qxd5 12. Qc2 O-O 13. Ra4 a5 14. bxa6 Nc6 15. Nf3 Rd8 16. Bc4 Qd6 17. O-O Bxd2 18. Rd1 Nd4 19. Nxd4 Bb4 20. Rxb4 Qxb4 21. Nc6 Rxd1+ 22. Qxd1 Qf8 23. Qd3 e4 24. Qe2 Bd7 25. Ne5 Be6 26. Bxe6 fxe6 27. h3 Qd6 28. Qh5 Rf8 29. a7 Qa6 30. Qg4 Qa1+ 31. Kh2 Qxe5+ 0-1


[Site "https://www.chess.com"]

[Event "Titled Tuesday Blitz August 1 Early 2023"]
[White "Piesik, Piotr"]
[Black "Nosacheva, Mariya"]
[WhiteFideId "1136194"]
[BlackFideId "34111422"]
[WhiteElo "2618"]
[BlackElo "2366"]
[Result "0-1"]
[Round "4"]
[TimeControl "180+1"]
[Date "2023.08.01"]
[WhiteClock "0:00:01"]
[BlackClock "0:00:18"]
[Board "112"]

1. Nf3 Nf6 2. g3 g6 3. Bg2 Bg7 4. O-O O-O 5. d4 d6 6. Nbd2 c5 7. dxc5 dxc5 8. e4 Nc6 9. c3 Qc7 10. Qc2 Rd8 11. Nc4 b5 12. Bf4 Qd7 13. Rfd1 Qe8 14. Rxd8 Nxd8 15. Na5 Nh5 16. Be3 c4 17. Nd4 e5 18. Nf3 Bg4 19. b3 cxb3 20. axb3 a6 21. c4 bxc4 22. bxc4 Nc6 23. Nxc6 Qxc6 24. Nd2 Rd8 25. f3 Bc8 26. Bf1 Bf8 27. c5 Ng7 28. Nb3 Ne6 29. Kg2 Nd4 30. Bxd4 exd4 31. Bc4 d3 32. Bxd3 Qd7 33. Bxa6 Qh3+ 34. Kg1 Bxa6 35. Rxa6 Bh6 36. Ra1 Be3+ 37. Kh1 Qh5 38. Kg2 Rc8 39. c6 Qe5 40. Rd1 Bb6 41. Rd7 h5 42. Nd2 h4 43. Nf1 hxg3 44. hxg3 Qe6 45. Rd5 Rxc6 46. Qd3 Kg7 47. Nh2 Qf6 48. Qd2 Qa1 49. Ng4 Qb1 50. Rd6 Rc2 0-1


[Site "https://www.chess.com"]

[Event "Titled Tuesday Blitz August 1 Early 2023"]
[White "Nithyalakshmi, Sivanesan"]
[Black "Ozates, Tuna"]
[WhiteFideId "5706955"]
[BlackFideId "6354521"]
[WhiteElo "2360"]
[BlackElo "2615"]
[Result "0-1"]
[Round "4"]
[TimeControl "180+1"]
[Date "2023.08.01"]
[WhiteClock "0:00:03"]
[BlackClock "0:00:07"]
[Board "113"]

1. e4 Nf6 2. e5 Nd5 3. c4 Nb6 4. d4 d6 5. exd6 exd6 6. Nc3 Be7 7. Be3 Bf5 8. Bd3 Bxd3 9. Qxd3 O-O 10. Nge2 Bf6 11. O-O Nc6 12. a3 d5 13. c5 Nc4 14. b4 Nxe3 15. fxe3 Re8 16. Rf3 Ne7 17. Raf1 Ng6 18. Rh3 c6 19. Nf4 Qd7 20. Rg3 Bh4 21. Rh3 Bg5 22. Rg3 Bxf4 23. exf4 Nh4 24. f5 a5 25. Rg4 axb4 26. axb4 Qe7 27. g3 Qe3+ 28. Qxe3 Rxe3 29. Nd1 Nf3+ 30. Kg2 Ra2+ 31. Rf2 Rxf2+ 32. Kxf2 Rb3 33. h4 Nd2 34. f6 Ne4+ 35. Kg2 Nxf6 36. Rf4 Rxb4 37. Ne3 Ne4 38. Nf5 g6 39. Nd6 f5 40. g4 Rb2+ 41. Kh3 Nf2+ 42. Kg3 Nxg4 43. h5 Kg7 44. hxg6 hxg6 45. Kh4 Kf6 46. Rf1 g5+ 47. Kg3 Rb3+ 48. Rf3 Rxf3+ 49. Kxf3 Ke6 50. Nxb7 Nf6 51. Nd8+ Kd7 52. Nf7 Ne4 53. Ne5+ Kc7 54. Ke3 Kb7 55. Nf7 Ka6 56. Kf3 Kb5 57. Nd6+ Kb4 58. Nxf5 Kc4 59. Kg4 Kd3 60. Kf3 Kc4 61. Kg4 Kc3 62. Kf3 Nd2+ 63. Kg4 Nb3 64. Kxg5 Nxd4 65. Ne7 Kc4 66. Kf6 Kxc5 67. Ke5 Nf3+ 68. Kf4 Nd4 69. Ke3 Nb5 70. Kd3 Nd6 71. Kc3 Nc4 72. Nf5 Ne5 73. Nd4 Kd6 74. Nb3 c5 75. Kc2 c4 76. Nd4 Kc5 77. Ne2 d4 78. Nf4 Nc6 79. Ne6+ Kd5 80. Nc7+ Ke4 81. Kd2 c3+ 82. Kc2 Nb4+ 83. Kb3 Nd5 84. Kc2 Nxc7 85. Kb3 Kd3 0-1


[Site "https://www.chess.com"]

[Event "Titled Tuesday Blitz August 1 Early 2023"]
[White "Prydun, Andriy"]
[Black "Jain Kashish Manoj"]
[WhiteFideId "14145898"]
[BlackFideId "35081098"]
[WhiteElo "2357"]
[BlackElo "2609"]
[Result "0-1"]
[Round "4"]
[TimeControl "180+1"]
[Date "2023.08.01"]
[WhiteClock "0:00:00"]
[BlackClock "0:00:57"]
[Board "114"]

1. e4 c5 2. Nf3 d6 3. c3 Nf6 4. h3 g6 5. Bd3 Bg7 6. Bc2 O-O 7. O-O Nc6 8. d3 e5 9. a3 a5 10. a4 h6 11. Be3 b6 12. Na3 d5 13. Re1 Bb7 14. Qe2 Re8 15. Rad1 Qd7 16. Bc1 Rad8 17. Nd2 Ba6 18. Nb5 Na7 19. Nxa7 Qxa7 20. Qf3 Qa8 21. Bb3 Bb7 22. Qe2 Rd7 23. exd5 Nxd5 24. Ne4 f5 25. Ng3 Kh7 26. Bc4 Rde7 0-1


[Site "https://www.chess.com"]

[Event "Titled Tuesday Blitz August 1 Early 2023"]
[White "Vemparala, Nikash"]
[Black "musclemonster12"]
[WhiteFideId "30960967"]
[WhiteElo "2352"]
[BlackElo "2609"]
[Result "1/2-1/2"]
[Round "4"]
[TimeControl "180+1"]
[Date "2023.08.01"]
[WhiteClock "0:00:40"]
[BlackClock "0:00:20"]
[Board "115"]

1. e4 c5 2. Nf3 d6 3. d4 cxd4 4. Nxd4 Nf6 5. Nc3 Nc6 6. Be3 e5 7. Nb3 Be6 8. f3 Be7 9. Qd2 O-O 10. O-O-O a5 11. Bb5 Qc7 12. h4 Nb4 13. Kb1 d5 14. exd5 Nfxd5 15. Nxd5 Nxd5 16. Bf2 a4 17. Nc1 a3 18. c4 Bf5+ 19. Nd3 Nb4 20. c5 Qa5 21. g4 Qxb5 22. gxf5 Nxd3 23. b3 Nxf2 24. Qxf2 Bf6 25. Rhg1 e4 26. fxe4 Rfe8 27. Qg2 Kh8 28. Rd6 Be5 29. Rd5 Bf6 30. Rd6 Bb2 31. Rd2 Bf6 32. Rd6 1/2-1/2


[Site "https://www.chess.com"]

[Event "Titled Tuesday Blitz August 1 Early 2023"]
[White "Principe, Gerson"]
[Black "Georg, Heinz"]
[WhiteFideId "3804550"]
[BlackFideId "4607295"]
[WhiteElo "2607"]
[BlackElo "2323"]
[Result "1-0"]
[Round "4"]
[TimeControl "180+1"]
[Date "2023.08.01"]
[WhiteClock "0:00:14"]
[BlackClock "0:00:02"]
[Board "116"]

1. Nf3 f5 2. d4 Nf6 3. g3 g6 4. Bg2 Bg7 5. O-O O-O 6. c4 d6 7. Nc3 Qe8 8. d5 a5 9. Nd4 Na6 10. Bg5 Bd7 11. Rc1 Nc5 12. Qd2 Ng4 13. h3 Ne5 14. b3 c6 15. Bh6 Bxh6 16. Qxh6 Nf7 17. Qd2 e5 18. dxe6 Nxe6 19. Nxe6 Bxe6 20. e3 Qe7 21. Rfd1 Rfd8 22. Qd4 Rd7 23. Rd2 g5 24. Rcd1 h6 25. Na4 Ra6 26. Qb2 f4 27. exf4 gxf4 28. gxf4 Qh4 29. Qc3 Qxf4 30. Qg3+ Qxg3 31. fxg3 b5 32. cxb5 cxb5 33. Nc3 b4 34. Ne4 Kg7 35. g4 Rc6 36. Ng5 hxg5 37. Bxc6 Rc7 38. Bd5 Bd7 39. Bxf7 Kxf7 40. Rxd6 Bb5 41. R6d5 Bc6 42. Rxg5 Kf6 43. Rc5 Rc8 44. Rdc1 Bd7 45. Rxc8 Bxc8 46. Rxc8 Ke5 47. Ra8 1-0


[Site "https://www.chess.com"]

[Event "Titled Tuesday Blitz August 1 Early 2023"]
[White "Sturt, Raven"]
[Black "Ferro, Mario"]
[WhiteFideId "2007304"]
[BlackFideId "810290"]
[WhiteElo "2607"]
[BlackElo "2310"]
[Result "1/2-1/2"]
[Round "4"]
[TimeControl "180+1"]
[Date "2023.08.01"]
[WhiteClock "0:00:48"]
[BlackClock "0:00:17"]
[Board "117"]

1. d4 Nf6 2. c4 c5 3. Nf3 cxd4 4. Nxd4 Nc6 5. Nc3 g6 6. g3 Bg7 7. Bg2 O-O 8. O-O d6 9. Nxc6 bxc6 10. Bxc6 Bh3 11. Bg2 Bxg2 12. Kxg2 Rc8 13. Qd3 Qc7 14. Bg5 Qxc4 15. Qxc4 Rxc4 16. Rac1 Rfc8 17. Rfd1 h6 18. Be3 a6 19. Rd4 Ng4 20. Rd3 Nxe3+ 21. Rxe3 d5 22. Nxd5 Rxc1 23. Nxe7+ Kf8 24. Nxc8 Rxc8 25. Ra3 Rc6 26. b3 Bc3 27. Ra4 f5 28. e3 Kf7 29. h4 a5 30. Kf3 Kf6 31. Ke2 Rd6 32. Kf3 g5 33. hxg5+ hxg5 34. a3 g4+ 35. Kg2 Rd2 36. Rc4 Bb2 37. b4 axb4 38. axb4 Ba3 39. e4 Rb2 40. exf5 Kxf5 41. Rc5+ Kf6 42. Rc6+ Kf5 43. Rc5+ Kf6 44. Rc6+ Ke5 45. Rc5+ Kf6 1/2-1/2


[Site "https://www.chess.com"]

[Event "Titled Tuesday Blitz August 1 Early 2023"]
[White "Jones, Gawain C B"]
[Black "Santos Flores, Alberto"]
[WhiteFideId "409561"]
[BlackFideId "3601234"]
[WhiteElo "2900"]
[BlackElo "2508"]
[Result "1-0"]
[Round "4"]
[TimeControl "180+1"]
[Date "2023.08.01"]
[WhiteClock "0:00:39"]
[BlackClock "0:00:00"]
[Board "118"]

1. e4 e6 2. d4 d5 3. Nd2 c5 4. Ngf3 cxd4 5. exd5 Qxd5 6. Bc4 Qd6 7. Bb3 Nf6 8. O-O Nc6 9. Nc4 Qc5 10. c3 Be7 11. cxd4 Qh5 12. Nce5 Nxe5 13. dxe5 Nd7 14. Ba4 O-O 15. Bf4 a6 16. Rc1 b5 17. Bc2 Nb6 18. Be4 Nd5 19. Bxd5 exd5 20. Qxd5 Be6 21. Qb7 Rfe8 22. b3 Bf8 23. Nd4 Bf5 24. Nxf5 Qxf5 25. Bg3 h5 26. h3 g5 27. f4 h4 28. fxg5 Qg6 29. Rf6 Qg7 30. Bxh4 Be7 31. Rxa6 Rxa6 32. Qxa6 Qxe5 33. Re1 Qd4+ 34. Bf2 Qd5 35. g6 f6 36. Qe6+ Qxe6 37. Rxe6 Kf8 38. Bd4 1-0


[Site "https://www.chess.com"]

[Event "Titled Tuesday Blitz August 1 Early 2023"]
[White "NicolaiMaxime"]
[Black "Sosa, Tomas"]
[BlackFideId "121576"]
[WhiteElo "2497"]
[BlackElo "2820"]
[Result "0-1"]
[Round "4"]
[TimeControl "180+1"]
[Date "2023.08.01"]
[WhiteClock "0:00:05"]
[BlackClock "0:00:41"]
[Board "119"]

1. e4 c5 2. Nc3 Nc6 3. Bb5 Nd4 4. Nf3 Nxb5 5. Nxb5 d6 6. d4 cxd4 7. Nbxd4 Nf6 8. Qd3 g6 9. Bg5 Bg7 10. h4 h6 11. Bxf6 Bxf6 12. h5 g5 13. O-O-O Bd7 14. Nf5 Qa5 15. Nxd6+ exd6 16. Qxd6 Be6 17. e5 Be7 18. Qd3 Qxa2 19. Nd4 Bc4 20. Qe4 Qa1+ 21. Kd2 Qa5+ 22. c3 Bd5 23. Qf5 Qb6 24. Kc1 Rd8 25. f4 gxf4 26. Rhe1 Be6 27. Nxe6 Rxd1+ 28. Rxd1 Qxe6 29. Qe4 O-O 30. Kb1 Bg5 31. Rd6 Qe7 32. Qd5 Rd8 33. Rxd8+ Qxd8 34. Qxb7 Qe7 35. Qe4 Kg7 36. b4 Qe6 37. c4 Qd7 38. Kc2 Qa4+ 39. Kc3 Qa1+ 40. Kb3 a5 41. bxa5 Qxa5 42. Qd5 Qb6+ 43. Ka4 Qa6+ 44. Kb4 Qb6+ 45. Ka4 Be7 46. Qb5 Qa7+ 47. Kb3 Qa3+ 48. Kc2 Qa2+ 49. Kd3 Qxg2 50. Qd7 Qf1+ 51. Kd2 Bb4+ 52. Kc2 Qxc4+ 53. Kd1 Qb3+ 54. Ke2 Qe3+ 55. Kd1 Qxe5 56. Qg4+ Qg5 57. Qc8 f3 58. Qh3 Qd2# 0-1


[Site "https://www.chess.com"]

[Event "Titled Tuesday Blitz August 1 Early 2023"]
[White "Nazari, Arad"]
[Black "KrokerGuy"]
[WhiteFideId "12577324"]
[WhiteElo "2785"]
[BlackElo "2474"]
[Result "1-0"]
[Round "4"]
[TimeControl "180+1"]
[Date "2023.08.01"]
[WhiteClock "0:00:17"]
[BlackClock "0:00:02"]
[Board "120"]

1. e4 e5 2. f4 exf4 3. Nf3 g5 4. h4 g4 5. Ne5 d5 6. d4 Nf6 7. Nc3 Bb4 8. Bxf4 Nxe4 9. Qd3 c6 10. Be2 h5 11. Bd2 Bxc3 12. Bxc3 Nd7 13. O-O-O Nxe5 14. dxe5 Nf2 15. Qd4 Nxd1 16. e6 Nxc3 17. Qxh8+ Ke7 18. Qxc3 Bxe6 19. Qe5 Qh8 20. Qc7+ Kf6 21. Qxb7 Rb8 22. Qxa7 Qh6+ 23. Kb1 Rb4 24. a3 Re4 25. Bd3 Rf4 26. g3 Rf3 27. Qd4+ Ke7 28. Re1 Qd2 29. Qe5 Rxg3 30. Re2 Qd1+ 31. Ka2 Rg1 32. Kb3 d4+ 33. Bc4 Qf1 34. Bxe6 Qf3+ 35. Kb4 c5+ 36. Kxc5 fxe6 37. Qxe6+ Kf8 38. Qe8+ Kg7 39. Re7+ Kh6 40. Qh8+ Kg6 41. Qg7+ Kf5 42. Qe5+ Kg6 43. Qg5# 1-0


[Site "https://www.chess.com"]

[Event "Titled Tuesday Blitz August 1 Early 2023"]
[White "Dinu, Dumitru-Daniel"]
[Black "Rahman, Masruri"]
[WhiteFideId "1208403"]
[BlackFideId "7101163"]
[WhiteElo "2464"]
[BlackElo "2773"]
[Result "0-1"]
[Round "4"]
[TimeControl "180+1"]
[Date "2023.08.01"]
[WhiteClock "0:00:00"]
[BlackClock "0:00:09"]
[Board "121"]

1. d4 e6 2. e4 d5 3. exd5 exd5 4. Nf3 Nc6 5. Bb5 Bd6 6. O-O a6 7. Bxc6+ bxc6 8. c4 dxc4 9. Qa4 Ne7 10. Qxc4 Be6 11. Qd3 O-O 12. Nc3 Bf5 13. Qc4 Be6 14. Qd3 Bf5 15. Qc4 Nd5 16. Qxc6 Nb4 17. Qa4 Bc2 18. b3 Bd3 19. Rd1 Bf5 20. a3 Nd3 21. Qc4 Nxc1 22. Raxc1 Bxa3 23. Ra1 Bd6 24. Rxa6 Rxa6 25. Qxa6 Bc2 26. Rc1 Bxb3 27. Nb5 Bf4 28. Re1 Bd5 29. Qa3 Re8 30. Rxe8+ Qxe8 31. Nc3 Bd6 32. Qb2 Ba8 33. Nb5 Bf4 34. Nc3 h6 35. Ne2 Bd6 36. Ne5 Bd5 37. Nf4 Be4 38. f3 Ba8 39. Nfd3 f6 40. Qa2+ Kh7 41. Nc4 Bd5 42. Qc2 Qc6 43. Nde5+ Be4 44. Qxe4+ Qxe4 45. fxe4 fxe5 46. dxe5 Bc5+ 47. Kf1 Kg8 48. Ke2 Kf7 49. Kd3 Ke6 50. Nd2 Be7 51. Nf3 g5 52. h3 h5 53. g4 h4 54. Kc4 Bd8 55. Kc5 Kd7 56. Kd5 Be7 57. e6+ Ke8 58. Ne5 Bd6 59. Nf7 Bf4 60. e5 Ke7 61. Nh6 c6+ 62. Kxc6 Kxe6 63. Nf5 Kxe5 64. Kc5 Ke4 65. Kc4 Kf3 66. Kd3 Kg2 67. Ke2 Be5 68. Ne3+ Kxh3 69. Kf3 Kh2 70. Nf1+ Kg1 71. Nd2 h3 72. Ke4 Bf4 73. Nf3+ Kf2 0-1


[Site "https://www.chess.com"]